 Dungeon Crawl Stone Soup version 0.25-a0-177-gd145f35 (webtiles) character file.

Game seed: 5355792863693164932, levelgen mode: deterministic

1240 DrEnzyme the Cutter (level 8, -9/61 HPs)
             Began as a Formicid Wanderer on Nov 23, 2019.
             Killed from afar by a killer bee (27 damage)
             ... with an exploding inner flame
             ... hexed by the player character
             ... on level 5 of the Dungeon on Nov 25, 2019.
             The game lasted 00:22:45 (6032 turns).

DrEnzyme the Cutter (Formicid Wanderer)             Turns: 6032, Time: 00:22:46

Health: -9/61      AC:  9    Str: 18    XL:     8   Next: 78%
Magic:  8/8        EV: 10    Int: 13    God:
Gold:   153        SH:  0    Dex: 10    Spells: 7/7 levels left

rFire    . . .     SeeInvis +   a - +3 short sword
rCold    . . .     Gourm    .   (no shield)
rNeg     . . .     Faith    .   r - +0 scale mail
rPois    .         Spirit   .   (helmet unavailable)
rElec    .         Reflect  .   j - +1 cloak
rCorr    .         Harm     .   (no gloves)
MR       .....                  (no boots)
Stlth    +.........             (no amulet)
HPRegen  0.20/turn              i - ring of teleportation (curse)
MPRegen  0.11/turn              (no ring)

@: lethally poisoned (-9 -> -19)
A: permanent stasis, dig shafts and tunnels, four strong arms, antennae 3
a: Dig, Shaft Self


You were on level 5 of the Dungeon.
You were hungry.

You visited 1 branch of the dungeon, and saw 5 of its levels.
You also visited: Sewer.

You collected 153 gold pieces.

Inventory:

Hand Weapons
 a - a +3 short sword (weapon)
 e - a +0 dagger
Armour
 d - a +0 robe
 j - a +1 cloak (worn)
 q - a +0 robe
 r - a +0 scale mail (worn)
Jewellery
 i - a cursed ring of teleportation (left hand)
 n - an uncursed ring of ice
Scrolls
 c - 2 scrolls of remove curse
 g - a scroll of enchant weapon
 m - 3 scrolls of fog
 u - a scroll of blinking
Potions
 l - a potion of agility {unknown}
 p - 2 potions of heal wounds
 s - a potion of brilliance {unknown}
 t - a potion of ambrosia {unknown}
 w - a potion of might
 y - a potion of flight {unknown}
 z - a potion of mutation {unknown}
Comestibles
 f - 7 rations


   Skills:
 + Level 4.6 Fighting
 + Level 7.0 Short Blades
   Level 2.0 Crossbows
 + Level 1.0 Throwing
 + Level 4.6 Armour
 + Level 2.8 Dodging
 + Level 3.8 Stealth
   Level 1.2 Shields


You had 7 spell levels left.
You didn't know any spells.
Your spell library was empty.

Dungeon Overview and Level Annotations

Branches:
Dungeon (5/15)              Sewer (visited)
 Temple: D:4-7

Altars:
Cheibriados
The Shining One

Annotations:
D:4 Dowan, Duvessa


Innate Abilities, Weirdness & Mutations

You cannot be hasted, slowed, berserked, paralysed or teleported.
You can dig through walls and to a lower floor.
Your four strong arms can wield two-handed weapons with a shield.
You have a pair of large antennae on your head. (SInv)


Message History

The killer bee stings you but does no damage.
The killer bee closely misses you. The killer bee stings you.
You miss the killer bee.
The killer bee is almost dead.
You feel sick.
The killer bee stings you but does no damage.
The killer bee closely misses you. The killer bee barely misses you.
The killer bee misses you.
You closely miss the killer bee.
The killer bee is almost dead.
You feel sick.
The killer bee stings you but does no damage. x2
You puncture the killer bee!
The killer bee explodes!
The fiery explosion engulfs you!
* * * LOW HITPOINT WARNING * * *
The fiery explosion engulfs the killer bee!!
The killer bee explodes!
The fiery explosion engulfs you!!
You die...

..................#,,....,,*,,,,,
..................#,,...,,,*,,,,,
..................#,,..,,,,*,,,,,
..................#**.#**#**,,,,,
###+############'####.##.#,,,,,,,
,,,,,,*,,................#,,,,,,,
,,,,,,*,,................#,,,,,,,
,,,,,,*,,.......§§§......+,,,,,,,
**>,,,**,.......@§§......#,,,,,,,
********,....####§###....#,,,,,,,
**,,,,**########..##*....#,,,,,,,
,*,,,,,,.......y...#,....#,,,,,,,
,*,,,,,,...........#,....#,,,,,,,
,*******...........#,....#,,,,,,,
,,,,,,,*...........#,,,..#,,,,,,,
,,,,,,,*....<......#,,,,,*,,,,,,,
,,,,,,,*......$....#,,,,,*,,,,,,,


There were no monsters in sight!

Vanquished Creatures
  Grinder (D:4)
  An ice beast (D:5)
  An ogre (D:4)
  A phantom (D:5)
  2 centaurs
  A bullfrog (D:3)
  A killer bee (D:5)
  A crimson imp (D:5)
  A hound (D:4)
  A jelly (D:4)
  An orc priest (D:3)
  A centaur skeleton (D:4)
  3 worker ants
  Robin (D:4)
  4 gnolls (D:5)
  A howler monkey zombie (D:5)
  3 adders
  A howler monkey skeleton (D:3)
  4 river rats (Sewer)
  2 oozes
  3 adder skeletons
  2 worms (D:3)
  5 dart slugs
  A leopard gecko (D:2)
  8 orcs
  6 ball pythons
  6 bats
  4 giant cockroaches
  19 goblins
  8 hobgoblins
  10 jackals
  3 quokkas
  12 frilled lizards
  A jackal skeleton (D:4)
  6 kobolds
  A quokka skeleton (D:2)
  13 rats
140 creatures vanquished.

Notes
Turn   | Place    | Note
-------+----------+-------------------------------------------
     0 | D:1      | DrEnzyme the Formicid Wanderer began the quest for the Orb.
     0 | D:1      | DrEnzyme set off with the following items: a +2 short
                  | sword, a potion of curing, a potion of lignification, a +0
                  | robe, a +0 dagger, a ration
     0 | D:1      | Reached XP level 1. HP: 15/15 MP: 1/1
   437 | D:1      | Reached XP level 2. HP: 21/21 MP: 2/2
   898 | D:1      | Reached XP level 3. HP: 26/26 MP: 3/3
  1301 | D:2      | Reached skill level 3 in Short Blades
  1344 | D:2      | Reached XP level 4. HP: 30/33 MP: 4/4
  2116 | D:2      | You fall into a shaft and drop 1 floor!
  2513 | D:3      | Noticed a bullfrog
  2526 | D:3      | Killed a bullfrog
  2526 | D:3      | Reached skill level 4 in Short Blades
  2526 | D:3      | Reached XP level 5. HP: 39/39 MP: 5/5
  2594 | D:2      | Found a glowing golden altar of the Shining One.
  2842 | D:3      | Upgraded the game from 0.25-a0-166-g16436c4 to
                  | 0.25-a0-167-g836c352
  2899 | D:3      | Reached XP level 6. HP: 24/46 MP: 6/6
  3827 | D:4      | Noticed a phantom
  3968 | D:4      | Noticed Duvessa
  3969 | D:4      | Noticed Dowan
  4020 | D:4      | Upgraded the game from 0.25-a0-167-g836c352 to
                  | 0.25-a0-176-g379fad0
  4080 | D:4      | Reached skill level 5 in Short Blades
  4080 | D:4      | Reached XP level 7. HP: 39/52 MP: 7/7
  4367 | D:4      | Noticed Robin
  4370 | D:4      | Found a snail-covered altar of Cheibriados.
  4414 | D:4      | Killed Robin
  4526 | D:4      | Noticed Grinder
  4554 | D:4      | Killed Grinder
  4554 | D:4      | Reached skill level 6 in Short Blades
  4554 | D:4      | Reached XP level 8. HP: 42/60 MP: 8/8
  4698 | D:5      | Entered Level 5 of the Dungeon
  5309 | D:5      | Found a glowing drain.
  5357 | Sewer    | Entered a sewer
  5850 | Sewer    | Upgraded the game from 0.25-a0-176-g379fad0 to
                  | 0.25-a0-177-gd145f35
  6000 | D:5      | Reached skill level 1 in Throwing
  6008 | D:5      | Reached skill level 7 in Short Blades
  6032 | D:5      | Killed from afar by a killer bee

Levels and vault maps discovered:
D:1:      minmay_arrival_loop, layout_loops_corners, supply_closet_lemuel
D:2:      layout_loops_corners, lemuel_coloured_pillars_altar,
          hangedman_feature_mirror
D:3:      layout_basic, minmay_misc_feat_four_crosses
D:4:      layout_loops_cross, kennysheep_mini, kennysheep_slug_shrine,
          serial_forest, infiniplex_forest_straight_4,
          infiniplex_forest_end_double, infiniplex_forest_lined_room_3,
          infiniplex_forest_corner_2, infiniplex_forest_clump_double,
          infiniplex_forest_zigzag_2, infiniplex_forest_lined_corner,
          uniq_duvessa, uniq_robin, uniq_grinder
D:5:      layout_gridville, grunt_temple_overflow_growth_and_decay,
          cheibrodos_sewer_entry_drain, first_ration, grunt_ministairs_12

Skill      XL: |  1  2  3  4  5  6  7  8 |
---------------+-------------------------+-----
Stealth        | 3 |  3.8
Fighting       | 2 3 4 |  4.6
Short Blades   | 3 4 5 6 7 |  7.0
Armour         | 2 3 4 |  4.6
Dodging        | 2 |  2.8
Throwing       | 1 |  1.0
Crossbows      | |  2.0
Shields        | |  1.2

Action                   |  1- 3 |  4- 6 |  7- 9 || total
-------------------------+-------+-------+-------++-------
Melee: Short sword       |   103 |   213 |   297 ||   613
Throw: Dart              |       |     3 |    10 ||    13
 Abil: Dig               |       |     1 |     5 ||     6
  Use: Scroll            |       |     6 |     5 ||    11
       Potion            |       |     1 |     7 ||     8
 Stab: Sleeping          |     5 |     1 |       ||     6
  Eat: Chunk             |     1 |     9 |     7 ||    17
Armor: Robe              |    23 |     5 |       ||    28
       Scale mail        |       |    81 |   136 ||   217
       Skin              |       |    20 |       ||    20
Dodge: Dodged            |    82 |    89 |   148 ||   319

Table legend:
 A = Non-vault XP
 B = Vault XP
 C = Vault XP percentage of total XP
 D = Non-vault monster count
 E = Vault monster count
 F = Vault count percentage of total count
                 A         B        C        D         E       F
            +---------+---------+-------+---------+---------+-------
      Total |    1236 |     536 |  30.2 |     100 |      40 |  28.6
            +---------+---------+-------+---------+---------+-------
        D:1 |      38 |       0 |   0.0 |      21 |       0 |   0.0
        D:2 |      78 |       0 |   0.0 |      28 |       0 |   0.0
        D:3 |     204 |       0 |   0.0 |      24 |       0 |   0.0
        D:4 |     422 |     316 |  42.8 |      14 |      13 |  48.1
        D:5 |     494 |     149 |  23.2 |      13 |       5 |  27.8
      Sewer |       0 |      71 | 100.0 |       0 |      22 | 100.0
            +---------+---------+-------+---------+---------+-------
